 Dungeon Crawl Stone Soup version 0.31.0-2-g5a2aebc5c2 (webtiles) character file.

Game seed: 7140077502430256028

23290 ssalbiz the Severer (level 12, -3/169 HPs)
             Began as a Minotaur Berserker on Jan 20, 2024.
             Was an Elder of Trog.
             Slain by a vault guard
             ... wielding a +2 great sword
              (24 damage)
             ... on level 14 of the Dungeon.
             The game lasted 00:21:27 (15817 turns).

ssalbiz the Severer (Minotaur Berserker)           Turns: 15817, Time: 00:21:27

Health: -3/169     AC: 16    Str: 27    XL:     12   Next: 70%
Magic:  11/11      EV: 14    Int:  7    God:    Trog [****..]
Gold:   820        SH:  0    Dex: 10    Spells: 11/11 levels left

rFire   . . .        C - +4 war axe
rCold   . . .        (no shield)
rNeg    . . .        v - +0 scale mail
rPois   .            P - +2 hat of Decompression {Int+3}
rElec   .            J - +2 cloak
rCorr   .            o - +0 pair of gloves
SInv    .            (no boots)
Will    +++..        (no amulet) Stlth
                     L - ring of willpower
HPRegen 1.48/turn    (no ring)
MPRegen 0.12/turn

%: no passive effects
@: berserking, strong-willed, regenerating, very quick
A: horns 2, retaliatory headbutt
a: Renounce Religion, Berserk, Trog's Hand, Brothers in Arms


You were on level 14 of the Dungeon.
You worshipped Trog.
Trog was greatly pleased with you.
You visited 1 branch of the dungeon, and saw 14 of its levels.

You collected 820 gold pieces.

Inventory:

Hand Weapons
 C - a +4 war axe (weapon)
 M - a +2 flail of protection
Missiles
 h - 23 poisoned darts (quivered)
 s - 3 throwing nets
 A - a curare-tipped dart
Armour
 o - a +0 pair of gloves (worn)
 v - a +0 scale mail (worn)
 J - a +2 cloak (worn)
 P - the +2 hat of Decompression (worn) {Int+3}
   (You found it on level 14 of the Dungeon)

   Int+3:     It affects your intelligence (+3).
Jewellery
 L - a ring of willpower (left hand)
Wands
 b - a wand of iceblast (14)
 q - a wand of mindburst (44)
 H - a wand of charming (3)
 K - a wand of flame (35)
 N - a wand of acid (5)
 O - a wand of polymorph (4)
Scrolls
 a - a scroll of revelation {unknown}
 e - a scroll of poison {unknown}
 f - 4 scrolls of blinking {unknown}
 i - 3 scrolls of silence {unknown}
 k - 4 scrolls of enchant armour {unknown}
 l - a scroll of immolation {unknown}
 p - 5 scrolls of identify {unknown}
 r - 4 scrolls of fog {unknown}
 w - a scroll of acquirement {unknown}
 y - 5 scrolls of vulnerability {unknown}
 z - 2 scrolls of butterflies {unknown}
 B - 2 scrolls of fear {unknown}
 E - a scroll of brand weapon {unknown}
 G - 4 scrolls of teleportation {unknown}
 I - 2 scrolls of enchant weapon {unknown}
Potions
 c - 2 potions of degeneration {unknown}
 d - 2 potions of enlightenment {unknown}
 g - 5 potions of curing {unknown}
 j - 3 potions of resistance {unknown}
 m - 3 potions of haste {unknown}
 n - a potion of heal wounds {unknown}
 t - 3 potions of mutation {unknown}
 u - 2 potions of might {unknown}
 x - 3 potions of brilliance {unknown}
 D - a potion of berserk rage {unknown}
 F - 3 potions of lignification {unknown}


   Skills:
 + Level 12.4 Fighting
 - Level 16.0 Axes
 + Level 12.0 Armour
 + Level 11.0 Dodging


You had 11 spell levels left.
You didn't know any spells.
Your spell library was empty.

Dungeon Overview and Level Annotations

Branches:
Dungeon (14/15)            Temple (0/1) D:4            Lair (0/5) D:8
    Orc (0/2) D:12         Vaults (0/5) D:14

Altars:
Dithmenos
Fedhas
Kikubaaqudgha
Makhleb
Ru
Trog
Vehumet
Wu Jian
Yredelemnul

Shops:
D:1 :   D:5 =   D:10 (

Annotations:
D:4 1 runed translucent door, Crazy Yiuf
D:9 Gastronok


Innate Abilities, Weirdness & Mutations

You have a pair of horns on your head.
You reflexively headbutt those who attack you in melee.


Message History

* * * LOW HITPOINT WARNING * * *
The vault guard hits you from afar with a +0 bardiche.
* * * LOW HITPOINT WARNING * * *
You are too injured to fight recklessly!
You are too injured to fight recklessly!
Unknown command.
You are too injured to fight recklessly!
Unknown command.
You are too injured to fight recklessly!
Unknown command.
You are too injured to fight recklessly!
Unknown command.
You are too injured to fight recklessly!
Unknown command.
You are too injured to fight recklessly!
Unknown command.
You are too injured to fight recklessly!
Unknown command.
You hit the vault guard. You headbutt the vault guard!
The vault guard is severely wounded.
You slash the vault guard! You slash the necromancer!
You slash the vault guard!
You feel the power of Trog in you as your rage grows.
You kill the vault guard!
Trog accepts your kill.
A freezing mist starts to gather...
A vault guard simulacrum comes into view.
Your life force feels restored.
Your Armour skill increases to level 12!
Your Dodging skill increases to level 11!
You slice the necromancer!!
You kill the necromancer!
Trog accepts your kill.
Trog appreciates your killing of a magic user.
You slash the vault guard! x2; A freezing mist starts to gather...
A necromancer simulacrum comes into view.
The vault guard hits you with a +2 great sword of electrocution.
* * * LOW HITPOINT WARNING * * *
The vault guard hits you with a +2 great sword!!
You die...

.........#
#############..#
#.?.)$#.....#..#
#?...(#(....'..#
#..∩..#..⌠.†'..#
#./...#....†'..#
pp...#..†.†#.##
##p)p###'''##.#
#)@p..#..†).#.#
#.Z...'.....#.#
#.Z⌠.††..⌠..#.#
#..(.)'.....#.#
#....†#.....#.#
#############.#
............#
#######.#####
#^#


You could see 3 vault guards, a necromancer, a human (soul bound), a necromancer
simulacrum and a vault guard simulacrum.

Vanquished Creatures
  A vault guard (D:14)
  An ogre mage (D:12)
  5 two-headed ogres
  2 boulder beetles (D:13)
  An arcanist (D:14)
  A deep elf pyromancer (D:12)
  A necromancer (D:14)
  4 ugly things
  Maurice (D:11)
  A manticore (D:13)
  2 cyclopes (D:12)
  3 unseen horrors
  2 trolls
  A hornet (D:11)
  Sigmund (D:4)
  A wraith (D:12)
  2 shadows
  3 slime creatures (D:11)
  3 wyverns
  A vampire (D:13)
  10 yaks
  2 basilisks
  16 humans (D:14)
  A steam dragon (D:8)
  2 water moccasins
  2 acid dragons
  3 black bears
  2 ice beasts
  3 ogres (D:12)
  11 orc warriors
  9 centaurs
  2 kobold brigands
  A gnoll sergeant (D:9)
  5 bullfrogs
  A water moccasin zombie (D:3)
  17 wights
  7 killer bees
  5 howler monkeys
  A bombardier beetle (D:6)
  A gnoll bouda (D:5)
  11 orc priests
  3 hounds
  Natasha (thrice) (D:4)
  5 iguanas
  7 orc wizards
  A hound zombie (D:3)
  Robin (D:3)
  20 gnolls
  5 adders
  A shadow imp (D:8)
  A white imp (D:6)
  4 ufetubi
  2 ribbon worms
  60 orcs
  7 endoplasms
  A giant cockroach (D:1)
  17 goblins
  5 hobgoblins
  2 jackals (D:1)
  15 kobolds
  4 quokkas
  12 ball pythons
  7 bats
  4 frilled lizards
  6 rats
342 creatures vanquished.

Vanquished Creatures (collateral kills)
  A two-headed ogre (D:11)
  A slime creature (D:11)
2 creatures vanquished.

Grand Total: 344 creatures vanquished

Notes
Turn   | Place    | Note
-------+----------+-------------------------------------------
     0 | D:1      | ssalbiz the Minotaur Berserker began the quest for the Orb.
     0 | D:1      | Reached XP level 1. HP: 19/19 MP: 0/0
   127 | D:1      | Reached skill level 4 in Axes
   156 | D:1      | Reached XP level 2. HP: 18/26 MP: 1/1
   236 | D:1      | You fall into a shaft and drop 1 floor!
   369 | D:1      | Found Qiruoc's Vocational Training.
   422 | D:1      | Reached skill level 5 in Axes
   445 | D:1      | Reached ** piety under Trog
   446 | D:1      | Reached XP level 3. HP: 28/31 MP: 2/2
   964 | D:2      | Reached XP level 4. HP: 39/39 MP: 3/3
   965 | D:2      | Reached skill level 6 in Axes
  1202 | D:2      | Found a faded altar of an unknown god.
  1567 | D:3      | Noticed Robin
  1575 | D:3      | Killed Robin
  1585 | D:3      | Reached *** piety under Trog
  1633 | D:3      | Reached skill level 7 in Axes
  1633 | D:3      | Reached XP level 5. HP: 16/45 MP: 4/4
  2415 | D:3      | Found a basalt altar of Yredelemnul.
  2573 | D:4      | Noticed Natasha
  2581 | D:4      | Killed Natasha
  2582 | D:4      | Reached skill level 8 in Axes
  2643 | D:4      | Noticed Natasha
  2653 | D:4      | Killed Natasha
  2654 | D:4      | Reached XP level 6. HP: 32/51 MP: 5/5
  2839 | D:4      | Noticed Natasha
  2844 | D:4      | Killed Natasha
  2866 | D:4      | Found a staircase to the Ecumenical Temple.
  3150 | D:4      | Noticed Sigmund
  3158 | D:4      | Killed Sigmund
  3159 | D:4      | Reached skill level 9 in Axes
  3225 | D:4      | Found a sacrificial altar of Ru.
  3283 | D:4      | Reached XP level 7. HP: 53/57 MP: 6/6
  3322 | D:4      | Found a runed translucent door.
  3323 | D:4      | Noticed Crazy Yiuf
  3582 | D:5      | Entered Level 5 of the Dungeon
  3608 | D:5      | Reached skill level 10 in Axes
  3889 | D:5      | Found Fegygaes's Jewellery Shop.
  4575 | D:5      | Reached skill level 11 in Axes
  4958 | D:6      | Reached XP level 8. HP: 55/64 MP: 7/7
  5315 | D:6      | Reached skill level 12 in Axes
  5824 | D:6      | Found an ornate altar of the Wu Jian Council.
  6013 | D:6      | Found a radiant altar of Vehumet.
  6546 | D:6      | Reached skill level 13 in Axes
  6986 | D:6      | Reached skill level 14 in Axes
  7094 | D:7      | Reached XP level 9. HP: 40/71 MP: 8/8
  7636 | D:7      | Reached skill level 15 in Axes
  8349 | D:8      | Reached skill level 16 in Axes
  8742 | D:8      | Found a staircase to the Lair.
  8756 | D:8      | Reached skill level 5 in Fighting
  9297 | D:9      | Reached XP level 10. HP: 63/81 MP: 9/9
  9389 | D:9      | Reached **** piety under Trog
  9700 | D:9      | Reached skill level 5 in Armour
  9740 | D:9      | Reached skill level 5 in Dodging
  9783 | D:9      | Identified the +6 falchion "Noefro" {vamp, rF+}
  9807 | D:9      | Noticed Gastronok
  9992 | D:9      | Found a bloodstained altar of Trog.
 10173 | D:10     | Entered Level 10 of the Dungeon
 10623 | D:10     | Found Funlopost's Antique Weapon Shop.
 10835 | D:10     | Found a blossoming altar of Fedhas.
 10836 | D:10     | Found an ancient bone altar of Kikubaaqudgha.
 10836 | D:10     | Found a burning altar of Makhleb.
 11152 | D:11     | Noticed Maurice
 11377 | D:11     | Reached XP level 11. HP: 62/94 MP: 10/10
 11543 | D:11     | Noticed a two-headed ogre
 11544 | D:11     | Something stole 12 poisoned darts
 11545 | D:11     | Something stole 446 gold
 11546 | D:11     | Something stole 188 gold
 11548 | D:11     | Something stole 3 gold
 11551 | D:11     | Killed a two-headed ogre
 11554 | D:11     | Killed Maurice
 12570 | D:12     | Found a staircase to the Orcish Mines.
 12572 | D:12     | Noticed an ogre mage
 12605 | D:12     | Paralysed by an ogre mage for 2 turns
 12906 | D:12     | Noticed a two-headed ogre
 12908 | D:12     | Noticed a two-headed ogre
 12910 | D:12     | Noticed a two-headed ogre
 12921 | D:11     | HP: 7/148 [two-headed ogre/+0 giant club (20)]
 12922 | D:11     | Killed a two-headed ogre
 12922 | D:11     | HP: 2/148 [two-headed ogre/+0 giant club (5)]
 12923 | D:11     | Killed a two-headed ogre
 12924 | D:11     | Reached skill level 10 in Fighting
 13191 | D:12     | Noticed a two-headed ogre
 13194 | D:12     | Killed a two-headed ogre
 13198 | D:12     | Killed an ogre mage
 13239 | D:12     | Reached skill level 10 in Armour
 13239 | D:12     | Killed a two-headed ogre
 13578 | D:12     | Noticed a two-headed ogre
 13581 | D:12     | Killed a two-headed ogre
 13582 | D:12     | Reached XP level 12. HP: 108/108 MP: 11/11
 14352 | D:13     | Reached skill level 10 in Dodging
 14606 | D:13     | Found a shadowy altar of Dithmenos.
 14633 | D:13     | Noticed a boulder beetle
 14649 | D:13     | Killed a boulder beetle
 15323 | D:13     | Noticed a boulder beetle
 15332 | D:13     | Killed a boulder beetle
 15612 | D:14     | Identified the +2 hat of Decompression {Int+3}
 15759 | D:14     | Reached ***** piety under Trog
 15807 | D:14     | Found a gate to the Vaults.
 15807 | D:14     | Noticed a vault guard
 15807 | D:14     | Noticed a vault guard
 15807 | D:14     | Noticed a vault guard
 15807 | D:14     | Noticed a vault guard
 15816 | D:14     | Killed a vault guard
 15817 | D:14     | Slain by a vault guard

Illustrated notes

Levels and vault maps discovered:
D:1:      dpeg_arrival_rooms_c, layout_basic, nicolae_shop_vocational
D:2:      layout_basic, shapermc_ecumenical_altar_mp_urbaneastern,
          minmay_liquid_box
D:3:      cheibrodos_old_hovel, layout_loops_cross,
          lemuel_zombie_altar_yredelemnul, uniq_robin
D:4:      layout_gridville, nicolae_ru_the_path_less_chosen,
          minmay_temple_entry_stoned_glass, uniq_sigmund, uniq_natasha,
          uniq_crazy_yiuf_cottage
D:5:      layout_basic, serial_shops, nicolae_shop_window_shopping
D:6:      layout_basic, nzn_wu_jian_contemplation, nicolae_vehumet_radiance
D:7:      layout_cave_pools
D:8:      layout_basic, david_lair_generic
D:9:      layout_long_grid, mainiacjoe_overflow_boulevard,
          kennysheep_little_box, uniq_gastronok
D:10:     layout_cave_pools, chequers_temple_overflow_statue_of_worship,
          serial_shops, nicolae_lakefront_shop
D:11:     layout_gridville, uniq_maurice
D:12:     layout_long_grid, david_orc_5
D:13:     layout_grid_maze, grunt_dithmenos_smoke_and_mirrors
D:14:     layout_basic, grunt_vaults_entry_tiered,
          nicolae_qazlal_general_emergency, serial_shops, nicolae_square_shop

Skill      XL: |  1  2  3  4  5  6  7  8  9 10 11 12 |
---------------+-------------------------------------+-----
Axes           | 4 5 7 8 9 11 14 16 | 16.0
Fighting       | 5 8 10 12 | 12.4
Armour         | 4 7 10 12 | 12.0
Dodging        | 3 7 9 11 | 11.0

Action                     |  1- 3 |  4- 6 |  7- 9 | 10-12 || total
---------------------------+-------+-------+-------+-------++-------
  Melee: Hand axe          |    66 |   120 |   171 |       ||   357
         Headbutt          |     9 |    20 |    47 |    62 ||   138
         Punch             |       |     1 |     2 |     1 ||     4
         War axe           |       |       |    95 |   382 ||   477
  Throw: Dart              |       |       |       |    16 ||    16
 Invoke: Berserk           |     1 |     5 |    18 |    13 ||    37
         Trog's Hand       |       |     1 |     2 |     7 ||    10
         Brothers in Arms  |       |       |       |     3 ||     3
 Armour: Animal skin       |    45 |    58 |    77 |       ||   180
         Scale mail        |       |       |   125 |   357 ||   482
  Dodge: Dodged            |    46 |    59 |   148 |   204 ||   457
